 Dungeon Crawl Stone Soup version 0.28.0 (webtiles) character file.

Game seed: 17105434394552738650

243 mkm the Firebug (level 6, -4/32 HPs)
             Began as a Gargoyle Fire Elementalist on Feb 11, 2022.
             Slain by Pikel (9 damage)
             ... on level 4 of the Dungeon.
             The game lasted 00:14:19 (4762 turns).

mkm the Firebug (Gargoyle Fire Elementalist)        Turns: 4762, Time: 00:14:20

Health: -4/32      AC:  7    Str: 11    XL:     6   Next: 9%
Magic:  1/11       EV: 11    Int: 18    God:
Gold:   86         SH:  0    Dex: 10    Spells: 9/12 levels left

rFire   . . .      SeeInvis .   m - +0 dagger (venom)
rCold   . . .      Faith    .   (no shield)
rNeg    + . .      Spirit   .   a - +0 robe
rPois   ∞          Reflect  .   n - +0 helmet
rElec   +          Harm     .   (no cloak)
rCorr   .          Rampage  .   (no gloves)
Will    .....                   (no boots)
Stlth   ++........              (no amulet)
HPRegen 0.10/turn               (no ring)
MPRegen 0.12/turn               (no ring)

@: attractive
A: sickness immunity, AC +4, negative energy resistance 1, electricity
resistance, torment resistance 1, petrification resistance
a: no special abilities


You were on level 4 of the Dungeon.
You visited 1 branch of the dungeon, and saw 5 of its levels.

You collected 86 gold pieces.

Inventory:

Hand Weapons
 b - a +0 mace
 m - a +0 dagger of venom (weapon)
Armour
 a - a +0 robe (worn)
 n - a +0 helmet (worn)
Scrolls
 e - a scroll of brand weapon {unknown}
 g - 5 scrolls of teleportation {unknown}
 h - a scroll of holy word {unknown}
 i - a scroll of fear {unknown}
 j - 2 scrolls of identify {unknown}
 k - a scroll of blinking {unknown}
Potions
 c - 2 potions of haste {unknown}
 f - a potion of might {unknown}
 l - 2 potions of flight {unknown}
 o - a potion of attraction
 p - a potion of lignification {unknown}


   Skills:
 - Level 1.5 Dodging
 - Level 2.1 Stealth
 + Level 3.6 Spellcasting
 + Level 3.7 Conjurations
 + Level 4.5 Fire Magic


You had 9 spell levels left.
You knew the following spells:

 Your Spells              Type           Power      Damage    Failure   Level
a - Foxfire               Conj/Fire      72%        2x1d7     2%          1
b - Scorch                Fire           38%        2d6       3%          2

Your spell library contained the following spells:

 Spells                   Type           Power      Damage    Failure   Level
 Conjure Flame            Conj/Fire      18%        6-21      9%          3
 Inner Flame              Hex/Fire       11%        N/A       19%         3
 Flame Wave               Conj/Fire      18%        2d6       28%         4


Dungeon Overview and Level Annotations

Branches:
Dungeon (5/15)
 Temple: D:4-7

Altars:
Fedhas
Qazlal
Sif Muna

Annotations:
D:2 Sigmund
D:4 1 runed translucent door, Pikel; mkm's ghost, amateur GrFE


Innate Abilities, Weirdness & Mutations

You are immune to sickness and miasma.
Your stone body is resilient. (AC +4)
You are immune to poison.
You resist negative energy. (rN+)
You are resistant to electric shocks. (rElec)
You are resistant to unholy torment.
You are immune to petrification.


Message History

You hit Pikel.
Pikel is severely wounded.
Pikel hits you with a +1 whip of freezing.
Pikel freezes you.
You closely miss Pikel.
Pikel is severely wounded.
Pikel hits you but does no damage.
You feel much better.
Pikel hits you with a +1 whip of freezing!
Pikel freezes you.
You completely miss Pikel.
Pikel is severely wounded.
Pikel barely misses you.
You conjure some foxfire!
Pikel closely misses you.
The foxfire hits Pikel but does no damage.
Pikel is severely wounded.
The foxfire hits Pikel but does no damage.
Pikel is severely wounded.
Pikel hits you with a +1 whip of freezing!
Pikel freezes you.
There are no items here.
Pikel barely misses you.
Pikel says, "Hell isn't that bad."
Pikel says, "I knew I should've brought a map."
Casting: Foxfire (safe; 2% risk of failure)
Confirm with . or Enter, or press ? or * to list all spells.
Flames lash Pikel.
Pikel is severely wounded.
Pikel's fire resistance burns away.
Pikel hits you with a +1 whip of freezing.
Pikel freezes you.
You are too injured to fight recklessly!
Pikel hits you with a +1 whip of freezing.
* * * LOW HITPOINT WARNING * * *
Pikel freezes you.
* * * LOW HITPOINT WARNING * * *
It was a potion of attraction.
You feel attractive to monsters.
Pikel hits you with a +1 whip of freezing!
You die...

##..#.#.....##.#.#
##.....
...............#.#
#.#..
......#.....#..#.#
#.###
###.###.....#..#.#
#.# #.# ###(###..#.#
.# #.# #.# #..#.# .#
#.# #.# #.>#.### #.#
#.###...K..# #.#
#.......@#.# ########
#.#
#####.####.###......#
#.# #.###...##.######
#.# #.....#....#
###.# #####...##.#
#≈≈≈# ....#
########.###.# #≈:≈#
##### #........# #.#
#≈≈≈# #.####.≈.###.#
#≈≈≈# #.#
####≈#...### #≈≈W#


You could see Pikel (combustible).

Vanquished Creatures
  A black bear (D:4)
  3 lemures (D:4)
  An iguana (D:4)
  2 orc wizards (D:3)
  2 adders
  An adder skeleton (D:4)
  A dart slug (D:4)
  8 orcs
  5 endoplasms
  A giant cockroach (D:1)
  4 goblins
  2 hobgoblins
  4 jackals (D:3)
  3 ball pythons
  5 bats
  2 frilled lizards
  2 kobolds
  4 rats
51 creatures vanquished.

Vanquished Creatures (others)
  127 foxfires
  A fungus (D:4)
  4 plants (D:4)
132 creatures vanquished.

Grand Total: 183 creatures vanquished

Notes
Turn   | Place    | Note
-------+----------+-------------------------------------------
     0 | D:1      | mkm the Gargoyle Fire Elementalist began the quest for the
                  | Orb.
     0 | D:1      | Reached XP level 1. HP: 10/10 MP: 3/3
   584 | D:1      | Reached XP level 2. HP: 15/15 MP: 0/5
   939 | D:2      | Learned a level 2 spell: Scorch
  1056 | D:2      | Reached XP level 3. HP: 14/19 MP: 1/6
  1416 | D:2      | Noticed Sigmund
  2015 | D:3      | Reached XP level 4. HP: 24/24 MP: 6/8
  2837 | D:3      | Reached skill level 4 in Fire Magic
  3238 | D:3      | Reached XP level 5. HP: 28/28 MP: 7/9
  3323 | D:3      | Found a shimmering blue altar of Sif Muna.
  3744 | D:4      | Found a stormy altar of Qazlal.
  3763 | D:4      | Found a blossoming altar of Fedhas.
  3774 | D:4      | Found a runed translucent door.
  3775 | D:4      | Noticed mkm's ghost (amateur GrFE)
  3957 | D:4      | Noticed a black bear
  3979 | D:4      | Killed a black bear
  3980 | D:4      | Reached XP level 6. HP: 28/32 MP: 3/11
  4134 | D:4      | Noticed Pikel
  4170 | D:5      | Entered Level 5 of the Dungeon
  4762 | D:4      | Slain by Pikel

Illustrated notes

Levels and vault maps discovered:
D:1:      dpeg_arrival_boxorama, layout_rooms
D:2:      layout_loops_corners, shapermc_ecumenical_altar_pompeii, uniq_sigmund
D:3:      layout_basic, nicolae_sif_muna_condensation
D:4:      layout_loops_ring, tso_oasis_becter,
          grunt_temple_overflow_forces_of_nature, ebering_ghost_sewer_f,
          serial_shops, nicolae_lakefront_shop, uniq_pikel
D:5:      layout_basic, lemuel_doored_altar, vehumet_altar_wand_db,
          minmay_temple_entry_trees

Skill      XL: |  1  2  3  4  5 |
---------------+----------------+-----
Conjurations   | 2 3 |  3.7
Spellcasting   | 3 |  3.6
Fire Magic     | 4 |  4.5
Dodging        | |  1.5
Stealth        | |  2.1

Action                   |  1- 3 |  4- 6 || total
-------------------------+-------+-------++-------
Melee: Mace              |     4 |       ||     4
       Punch             |     1 |       ||     1
       Dagger            |       |    10 ||    10
 Cast: Foxfire           |    35 |    42 ||    77
       Scorch            |     1 |    31 ||    32
  Use: Scroll            |     1 |       ||     1
       Potion            |       |     3 ||     3
Armor: Robe              |     3 |    21 ||    24
Dodge: Dodged            |     3 |    27 ||    30
